 Dungeon Crawl Stone Soup version 0.32-a0-871-ge202e49faa (webtiles) character file.

Game seed: 16365982079542798280

2092 DEFE the Skirmisher (level 9, -5/63 HPs)
             Began as a Coglin Fighter on Mar 29, 2024.
             Was a Believer of Okawaru.
             Killed from afar by a steam dragon (13 damage)
             ... with a ball of steam
             ... on level 7 of the Dungeon.
             The game lasted 00:04:28 (5928 turns).

DEFE the Skirmisher (Coglin Fighter)                Turns: 5928, Time: 00:04:28

Health: -5/63      AC:  6    Str: 17    XL:     9   Next: 27%
Magic:  11/11      EV:  8    Int:  8    God:    Okawaru [**....]
Gold:   343        SH:  0    Dex: 17    Spells: 8/8 levels left

rFire   . . .        h - +2 hand cannon (freeze) {Yejun}
rCold   . . .        e - +0 sling {Kai}
rNeg    . . .        b - +0 scale mail
rPois   .            (no helmet)
rElec   .            (no cloak)
rCorr   .            (no gloves)
SInv    .            (no boots)
Will    .....        (amulet unavailable) Stlth
                     (ring unavailable)
HPRegen 0.30/turn    (ring unavailable)
MPRegen 0.12/turn    (no gizmo)

%: no passive effects
@: revved
A: off-hand wielding, slow wielding, warmup strikes, no jewellery
a: Invent Gizmo, Renounce Religion, Heroism


You were on level 7 of the Dungeon.
You worshipped Okawaru.
Okawaru was pleased with you.
You visited 2 branches of the dungeon, and saw 8 of its levels.

You collected 365 gold pieces.
You spent 22 gold pieces at shops.

Inventory:

Hand Weapons
 a - a +0 war axe {Yadidatum}
 e - a +0 sling (offhand) {Kai}
 h - a +2 hand cannon of freezing (weapon) {Yejun}
 k - a +0 sling {Rabi}
Armour
 b - a +0 scale mail (worn)
 c - a +0 buckler
Wands
 q - a wand of flame (13)
 u - a wand of paralysis (13)
 w - a wand of mindburst (11)
Scrolls
 g - 2 scrolls of teleportation {unknown}
 i - a scroll of poison
 n - a scroll of immolation
 p - a scroll of amnesia
 r - a scroll of noise
 t - 2 scrolls of blinking
Potions
 d - 3 potions of might
 f - a potion of berserk rage
 j - a potion of haste {unknown}
 l - 4 potions of enlightenment
 m - 2 potions of cancellation {unknown}
 o - 2 potions of curing {unknown}
 s - 3 potions of brilliance {unknown}
 v - a potion of mutation {unknown}


   Skills:
 - Level 3.0 Fighting
 - Level 3.0 Axes
 + Level 9.2 Ranged Weapons
 - Level 2.6 Armour
 - Level 2.1 Shields
 + Level 3.8 Invocations
 + Level 4.0 Evocations


You had 8 spell levels left.
You didn't know any spells.
Your spell library contained the following spells:

 Spells                   Type           Power      Damage    Failure   Level
 Apportation              Tloc           0%         N/A       82%         1
 Foxfire                  Conj/Fire      0%         2x1d4     82%         1
 Jinxbite                 Hex            0%         N/A       91%         2
 Sublimation of Blood     Necr           0%         N/A       91%         2
 Inner Flame              Hex/Fire       0%         N/A       99%         3
 Brom's Barrelling Bould  Conj/Erth      0%         2d3       100%        4
 Flame Wave               Conj/Fire      0%         2d4       100%        4
 Ignite Poison            Fire/Alch      0%         N/A       100%        4
 Sticky Flame             Fire/Alch      0%         2d4       100%        4
 Alistair's Intoxication  Alch           0%         N/A       100%        5
 Fireball                 Conj/Fire      0%         3d3       100%        5
 Iskenderun's Battlesphe  Conj           0%         2d6       100%        5
 Yara's Violent Unravell  Hex/Alch       0%         3d3       100%        5
 Conjure Ball Lightning   Conj/Air       0%         3x3d6     100%        6
 Plasma Beam              Fire/Air       0%         2x1d10    100%        6
 Starburst                Conj/Fire      0%         6d3       100%        6
 Enfeeble                 Hex            0%         N/A       100%        7
 Orb of Destruction       Conj           0%         9d5       100%        7
 Ignition                 Fire           0%         3d3       100%        8
 Call Imp                 Summ           Unusable   N/A       N/A         2
 Summon Hydra             Summ           Unusable   N/A       N/A         7

Dungeon Overview and Level Annotations

Branches:
Dungeon (7/15)             Temple (1/1) D:4

Altars:
Ashenzari
Cheibriados
Dithmenos
Elyvilon
Fedhas
Gozag
Hepliaklqana
Kikubaaqudgha
Makhleb
Nemelex Xobeh
Okawaru
Qazlal
Ru
Sif Muna
Trog
Uskayaw
Vehumet
Wu Jian
Xom
Yredelemnul
Zin
The Shining One

Shops:
D:1 !   D:2 ?   D:4 *

Annotations:
D:3 1 runed translucent door, Nilihum's ghost, amateur MiCA


Innate Abilities, Weirdness & Mutations

You can wield a second weapon in your off-hand.
It takes a long time for you to wield or remove held weapons.
Your first few attacks do less damage.
You cannot equip rings or amulets.


Message History

You kill the centaur!
Okawaru accepts your kill.
Your Evocations skill increases to level 4!
Unknown command.
You shoot a sling bullet.
The sling bullet hits the steam dragon but does no damage.
The steam dragon is lightly wounded.
You shoot a slug. The slug hits the steam dragon.
The slug freezes the steam dragon.
The steam dragon is lightly wounded.
The steam dragon closely misses you. The steam dragon claws you.
You shoot a slug.
The slug closely misses the steam dragon.
You shoot a sling bullet.
The sling bullet hits the steam dragon but does no damage.
The steam dragon is lightly wounded.
The steam dragon bites you. The steam dragon barely misses you.
Unknown command.
You shoot a sling bullet.
The sling bullet hits the steam dragon but does no damage.
The steam dragon is lightly wounded.
You shoot a slug.
The slug barely misses the steam dragon.
The steam dragon breathes steam at you. The ball of steam hits you!!
* * * LOW HITPOINT WARNING * * *
The steam dragon bites you but does no damage.
The steam dragon claws you.
* * * LOW HITPOINT WARNING * * *
You are too injured to fight recklessly!
You shoot a slug. The slug hits the steam dragon.
The slug freezes the steam dragon.
The steam dragon is moderately wounded.
You shoot a sling bullet. The sling bullet hits the steam dragon!
The steam dragon is heavily wounded.
You are engulfed in a cloud of scalding steam.
* * * LOW HITPOINT WARNING * * *
The steam dragon breathes steam at you. The ball of steam hits you!
You die...

#.. ....... #.. .......
#.. ....... #.. .......
#.. ...). #.. ...## #..
#☼D## #.. #@°# #..
######°###### #####
#...........# #....
#...........######....
#...........#...##....
#...........+...+.....
###...........#...##....
#.....#####[..#...##....
#....##...##..#...##....


You could see a steam dragon (catching breath).

Vanquished Creatures
  Grinder (D:3)
  An ice beast (D:6)
  A black bear (D:5)
  2 ogres
  2 centaurs
  A kobold brigand (D:6)
  A gnoll sergeant (D:4)
  A bullfrog (D:6)
  3 scorpions
  10 wights (D:7)
  A bombardier beetle (D:4)
  2 jellies
  3 hounds
  An iguana (D:5)
  Robin (D:4)
  9 gnolls
  4 adders
  2 shadow imps
  8 ufetubi
  3 dart slugs
  2 ribbon worms
  11 orcs
  3 bats
  3 endoplasms
  3 giant cockroaches
  19 goblins
  9 hobgoblins
  7 jackals
  10 kobolds
  6 quokkas
  2 ball pythons (D:1)
  4 frilled lizards
  5 rats
  A spectral hobgoblin (D:1)
142 creatures vanquished.

Notes
Turn   | Place    | Note
-------+----------+-------------------------------------------
     0 | D:1      | DEFE the Coglin Fighter began the quest for the Orb.
     0 | D:1      | Reached XP level 1. HP: 18/18 MP: 1/1
   183 | D:1      | Found a faded altar of an unknown god.
   359 | D:1      | Reached XP level 2. HP: 21/24 MP: 2/2
   460 | D:1      | Found Hoagrite's Distillery.
   663 | D:1      | Reached skill level 1 in Ranged Weapons
   666 | D:1      | Reached XP level 3. HP: 25/29 MP: 3/3
  1167 | D:2      | Reached skill level 2 in Ranged Weapons
  1341 | D:2      | Found Wuschoc's Magic Scroll Boutique.
  1398 | D:2      | Bought a scroll of identify for 22 gold pieces
  1535 | D:2      | Reached XP level 4. HP: 31/35 MP: 4/4
  2064 | D:2      | Identified a scroll of acquirement
  2065 | D:2      | Acquired a +2 hand cannon of freezing
  2187 | D:3      | Noticed an ogre
  2190 | D:3      | Killed an ogre
  2191 | D:3      | Reached skill level 3 in Ranged Weapons
  2191 | D:3      | Reached XP level 5. HP: 41/41 MP: 5/5
  2228 | D:3      | Reached skill level 4 in Ranged Weapons
  2350 | D:3      | Noticed Grinder
  2355 | D:3      | Killed Grinder
  2356 | D:3      | Reached skill level 5 in Ranged Weapons
  2356 | D:3      | Reached XP level 6. HP: 47/47 MP: 6/6
  2472 | D:3      | Found a runed translucent door.
  2552 | D:3      | Found a broken altar of Ashenzari.
  2849 | D:3      | Noticed Nilihum's ghost (amateur MiCA)
  2878 | D:4      | Reached skill level 6 in Ranged Weapons
  2878 | D:4      | Reached XP level 7. HP: 29/52 MP: 7/7
  3246 | D:4      | Identified the +11 trident "Ulyakedwi" {speed, rF- Will++
                  | Int+4}
  3310 | D:4      | Found Wil Yvif's Lightly-Used Armoury.
  3420 | D:4      | Noticed Robin
  3423 | D:4      | Killed Robin
  3428 | D:4      | Reached skill level 7 in Ranged Weapons
  3555 | D:4      | Found a staircase to the Ecumenical Temple.
  3574 | Temple   | Entered the Ecumenical Temple
  3585 | Temple   | Became a worshipper of Warmaster Okawaru
  3631 | D:5      | Entered Level 5 of the Dungeon
  3708 | D:5      | Reached XP level 8. HP: 58/58 MP: 8/8
  3717 | D:5      | Reached skill level 8 in Ranged Weapons
  4142 | D:5      | Reached skill level 1 in Invocations
  4413 | D:5      | Found a blossoming altar of Fedhas.
  4858 | D:6      | Reached * piety under Okawaru
  5217 | D:6      | Found a hazy altar of Hepliaklqana.
  5354 | D:6      | Reached skill level 1 in Evocations
  5403 | D:6      | Found a bloodstained altar of Trog.
  5406 | D:6      | Found a glowing silver altar of Zin.
  5407 | D:6      | Found a radiant altar of Vehumet.
  5458 | D:7      | Found a sacrificial altar of Ru.
  5471 | D:7      | Reached XP level 9. HP: 63/63 MP: 11/11
  5547 | D:7      | Reached ** piety under Okawaru
  5548 | D:7      | Reached skill level 9 in Ranged Weapons
  5868 | D:7      | Identified the +2 scale mail "Lygom" {rPois rF- Int+2}
  5888 | D:7      | Found a shadowy altar of Dithmenos.
  5928 | D:7      | Killed from afar by a steam dragon

Illustrated notes

Levels and vault maps discovered:
D:1:      tarquinn_simple_flora_water_b, layout_basic,
          dreamdust_ecumenical_altar_drowned_temple, serial_shops, shop,
          minivault_11, kennysheep_nondescript
D:2:      layout_basic, serial_shops, nicolae_shop_waterfront
D:3:      layout_basic, ashenzari_conservatory_becter,
          ebering_ghost_reflecting_pool, uniq_grinder
D:4:      layout_gridville, minmay_temple_entry_drinking_statues,
          grunt_ministairs_3, minmay_shop_damaged, lightli_minifort, uniq_robin
D:5:      layout_layer_cave, overflow_temple_1_default
D:6:      layout_gridville, minitemple, serial_bayou_pond_c
D:7:      layout_basic, nicolae_ru_awakened_eye,
          nicolae_dithmenos_through_a_glass_darkly
Temple:   eino_temple_water

Skill      XL: |  1  2  3  4  5  6  7  8  9 |
---------------+----------------------------+-----
Axes           | 3 |  3.0
Ranged Weapons | 1 2 3 5 6 7 8 9 |  9.2
Invocations    | 3 |  3.8
Evocations     | 2 4 |  4.0
Fighting       | |  3.0
Armour         | |  2.6
Shields        | |  2.1

Action                     |  1- 3 |  4- 6 |  7- 9 || total
---------------------------+-------+-------+-------++-------
  Melee: War axe           |   120 |       |       ||   120
   Fire: Sling             |    14 |    65 |   165 ||   244
         Hand cannon       |       |    39 |   165 ||   204
 Invoke: Heroism           |       |       |     1 ||     1
    Use: Scroll            |     1 |     4 |     6 ||    11
         Potion            |       |       |     1 ||     1
 Armour: Scale mail        |   102 |    19 |    82 ||   203
         Skin              |       |       |     7 ||     7
  Dodge: Dodged            |    44 |    11 |    36 ||    91
  Block: Buckler           |    28 |       |       ||    28

Table legend: (Time is in decaauts)
 A = Elapsed time spent in this place.
 B = Non-inter-level travel time spent in this place.
 C = Inter-level travel time spent in this place.
 D = Time resting spent in this place.
 E = Time spent auto-exploring this place.
 F = Levels seen in this place.
 G = Mean time per level.
                   A        B        C        D        E       F      G
               +--------+--------+--------+--------+--------+-----+--------+
         Total |   6099 |   5976 |    123 |   1012 |   4108 |   8 |  762.4 |
       Dungeon |   6076 |   5973 |    103 |   1012 |   4108 |   7 |  868.0 |
        Temple |     22 |      2 |     20 |      0 |      0 |   1 |   22.0 |
               +--------+--------+--------+--------+--------+-----+--------+

Top non-repeatable levels by time:
     D:2: 1161 daAuts
     D:5: 1102 daAuts
     D:1: 1006 daAuts
     D:3: 984 daAuts
     D:6: 739 daAuts
     D:4: 570 daAuts
     D:7: 511 daAuts
  Temple: 22 daAuts
